NULL
Full Scoreboard »»

Canadiens vs Islanders

Created - February 26, 2024 at 21:58

Goals
1 2 3 T
Canadiens 0 1 0 1
Islanders 1 2 0 3
Shots
1 2 3 T
Canadiens 7 18 8 33
Islanders 11 8 14 33

GoalsPenalties
1st period
1. Islanders , Anders Lee 9 (Jesper Bratt 20, Clayton Keller 22) at 19:46
Andrew Cogliano (MTL) for Hooking (Minor) at 15:07
2nd period
2. Islanders , Barrett Hayton 9 (Bowen Byram 9, Patrik Nemeth 2) at 5:28
3. Canadiens , Jonathan Huberdeau 14 (Gabriel Landeskog 19, Phillip Danault 26) at 17:23 (PP)
4. Islanders , Jesper Bratt 20 (Clayton Keller 23, Bowen Byram 10) at 18:29
Dmitri Simashev (MTL) for Hooking (Minor) at 2:52
Mikhail Sergachev (MTL) for Interference (Minor) at 11:34
Dmitri Simashev (MTL) for High sticking (Minor) at 11:57
Anders Lee (NYI) for High sticking (Minor) at 17:12
3rd period
No Goal
Dmitri Simashev (MTL) for Hooking (Minor) at 4:50
Bowen Byram (NYI) for Hooking (Minor) at 9:14
Phillip Danault (MTL) for Hooking (Minor) at 16:07
Goalie Stats
Andrei Vasilevskiy (MTL), 30 saves from 33 shots - (0.909), L, 20-16-2, 60:00 minutes
Karel Vejmelka (NYI), 32 saves from 33 shots - (0.970), W, 20-16-1, 60:00 minutes
3 StarsOfficial
1 - Karel Vejmelka (NYI)
2 - Jesper Bratt (NYI)
3 - Patrik Nemeth (NYI)
Referees : Unknown
Linesman : Unknown
Game Note
No Game Note



Team Name Goals Shots Shots Attemp Shots Blocked PIM HIT PP PK FO%
Canadiens 13377512201 / 2 (50%)051%
Islanders 33359194280 / 6 (0%)149%

Canadiens
Player Name POS G A P +/- PIM HIT SHT SB MP PP MP PP SHT PK MP PK SHT FO% FOT GA TA
Alexander RomanovD0000002120:090:0005:2700% 000
Andrew CoglianoC/LW/RW000-1220014:571:0000:49038% 811
Cal ClutterbuckLW/RW0000031118:100:0004:25033% 301
Cole CaufieldRW000-1002114:091:0000:0000% 001
Dmitri SimashevD000-3642019:560:5602:2700% 000
Evan BouchardD0000033222:401:1404:4800% 000
Gabriel LandeskogLW/RW011-2001014:491:1000:00050% 201
Jack McBainC0000000010:450:0004:25060% 500
Jan RuttaD0000001017:300:0002:3400% 001
Jonathan HuberdeauLW/RW101-2025014:491:1010:000100% 110
Martin KautRW000000006:170:0000:0000% 100
Mikhail SergachevD0000204022:111:1404:0600% 001
Phillip DanaultC/LW011-2221015:441:1000:48058% 1900
Rem PitlickLW/RW000000006:170:0000:0000% 000
Shayne GostisbehereD000-3001018:080:5601:1400% 000
Victor OlofssonLW/RW0000025018:400:0004:1610% 111
Vladimir TarasenkoLW/RW000-1003014:091:0000:0000% 001
Zemgus GirgensonsC/LW/RW0000022018:400:0004:16052% 2100
Islanders
Player Name POS G A P +/- PIM HIT SHT SB MP PP MP PP SHT PK MP PK SHT FO% FOT GA TA
Adam FantilliC000000002:420:0000:00075% 400
Anders LeeC/LW/RW1012231118:525:0000:590100% 211
Barrett HaytonC1011035419:030:0000:00050% 210
Boone JennerC/LW/RW0000022018:025:1800:0000% 000
Bowen ByramD0223211220:425:2700:0000% 000
Brady SkjeiD0000022223:494:5111:1800% 010
Brock NelsonC/LW/RW0000020019:015:1800:59057% 1400
Chandler StephensonC/LW0000015213:360:0000:0000% 020
Clayton KellerC/LW/RW0222000019:295:0001:11029% 2110
David PerronLW/RW0000021018:025:1800:00050% 210
Dysin MayoD0000011016:250:0000:5200% 000
Jacob TroubaD0000071324:034:5101:0100% 000
Jesper BrattLW/RW1122004219:295:0011:11040% 510
Kyle OkposoLW/RW0000002013:220:0000:0000% 000
Nick BoninoC/LW/RW000100107:540:0000:0000% 000
Nick SchmaltzC/LW/RW0000007113:360:0000:00064% 1102
Patrik NemethD0113040221:475:2701:0900% 000
Tyler JohnsonC/LW/RW000100007:540:0000:0000% 000

Canadiens

5 vs 5 Forward
Line #Left WingCenterRight WingPHYDFOFWanted %Time %Time Play
1Gabriel LandeskogPhillip DanaultJonathan Huberdeau1223031%14:32
2Vladimir TarasenkoAndrew CoglianoCole Caufield1223028%13:12
3Victor OlofssonZemgus GirgensonsCal Clutterbuck1223028%13:31
4Rem PitlickJack McBainMartin Kaut1221013%6:17
5 vs 5 Defense
Line #DefenseDefensePHYDFOFWanted %Time %Time Play
1Mikhail SergachevEvan Bouchard1223536%16:58
2Shayne GostisbehereDmitri Simashev1223535%16:26
3Alexander RomanovJan Rutta1223030%14:08
4Mikhail SergachevEvan Bouchard12200%0:00
Power Play Forward
Line #Left WingCenterRight WingPHYDFOFWanted %Time %Time Play
1Gabriel LandeskogPhillip DanaultJonathan Huberdeau1225054%1:10
2Vladimir TarasenkoAndrew CoglianoCole Caufield1225046%1:00
Power Play Defense
Line #DefenseDefensePHYDFOFWanted %Time %Time Play
1Mikhail SergachevEvan Bouchard1225057%1:14
2Shayne GostisbehereDmitri Simashev1225043%0:56
Penalty Kill 4 Players Forward
Line #CenterWingPHYDFOFWanted %Time %Time Play
1Zemgus GirgensonsVictor Olofsson1225049%4:17
2Jack McBainCal Clutterbuck1225051%4:25
Penalty Kill 4 Players Defense
Line #DefenseDefensePHYDFOFWanted %Time %Time Play
1Dmitri SimashevAlexander Romanov1225056%4:52
2Evan BouchardMikhail Sergachev1225044%3:50
Penalty Kill 3 Players
Line #WingPHYDFOFWanted %Time %Time PlayDefenseDefensePHYDFOFWanted %Time %Time Play
1Phillip Danault1225049%0:47 Mikhail SergachevEvan Bouchard1225059%0:57
2Andrew Cogliano1225051%0:49 Shayne GostisbehereAlexander Romanov1225041%0:39
4 vs 4 Forward
Line #CenterWingPHYDFOFWanted %Time %Time Play
1Gabriel LandeskogJonathan Huberdeau122500%0:00
2Cole CaufieldVladimir Tarasenko122500%0:00
4 vs 4 Defense
Line #DefensePHYDFOFWanted %Time %Time Play
1Jan RuttaAlexander Romanov122500%0:00
2Shayne GostisbehereDmitri Simashev122500%0:00
Last Minutes Offensive
Left WingCenterRight WingDefenseDefense
Gabriel LandeskogPhillip DanaultJonathan HuberdeauMikhail SergachevEvan Bouchard
Last Minutes Defensive
Left WingCenterRight WingDefenseDefense
Gabriel LandeskogPhillip DanaultZemgus GirgensonsMikhail SergachevDmitri Simashev
Time
Total ForwardTotal DefenseLast Minutes OffensiveLast Minutes Defensive
60:00 60:00 0:000:00
Extra Forwards
Normal PowerPlayPenalty Kill
Victor Olofsson, Cal Clutterbuck, Zemgus GirgensonsVictor Olofsson, Cal ClutterbuckZemgus Girgensons
Extra Defensemen
Normal PowerPlayPenalty Kill
Dmitri Simashev, Jan Rutta, Shayne GostisbehereDmitri Simashev, Jan RuttaShayne Gostisbehere
Penalty Shots
Gabriel Landeskog, Jonathan Huberdeau, Phillip Danault, Vladimir Tarasenko, Cole Caufield
Goalie
Andrei Vasilevskiy, Samuel Montembeault
Custom OT Lines Forwards
Gabriel Landeskog, Jonathan Huberdeau, Phillip Danault, Vladimir Tarasenko, Cole Caufield, Victor Olofsson, Cal Clutterbuck, Andrew Cogliano, Zemgus Girgensons, Jack McBain
Custom OT Lines Defensemen
Mikhail Sergachev, Evan Bouchard, Shayne Gostisbehere, Alexander Romanov, Dmitri Simashev
Scratches
Adam Erne (Healthy), Felix Nilsson (Healthy), Ilya Solovyov (Healthy), James Reimer (Healthy)

Islanders

5 vs 5 Forward
Line #Left WingCenterRight WingPHYDFOFWanted %Time %Time Play
1Jesper BrattClayton KellerAnders Lee1223028%13:32
2Boone JennerBrock NelsonDavid Perron1223027%12:44
3Chandler StephensonNick SchmaltzKyle Okposo1223028%13:22
4Nick BoninoBarrett HaytonTyler Johnson1221017%7:54
5 vs 5 Defense
Line #DefenseDefensePHYDFOFWanted %Time %Time Play
1Jacob TroubaBrady Skjei1223030%14:18
2Bowen ByramPatrik Nemeth1223034%15:56
3Dysin MayoBarrett Hayton1223030%14:12
4Jacob TroubaBrady Skjei122107%3:06
Power Play Forward
Line #Left WingCenterRight WingPHYDFOFWanted %Time %Time Play
1Jesper BrattClayton KellerAnders Lee1225049%5:00
2Boone JennerBrock NelsonDavid Perron1225051%5:18
Power Play Defense
Line #DefenseDefensePHYDFOFWanted %Time %Time Play
1Jacob TroubaBrady Skjei1225047%4:51
2Bowen ByramPatrik Nemeth1225053%5:27
Penalty Kill 4 Players Forward
Line #CenterWingPHYDFOFWanted %Time %Time Play
1Jesper BrattClayton Keller1225055%1:11
2Anders LeeBrock Nelson1225045%0:59
Penalty Kill 4 Players Defense
Line #DefenseDefensePHYDFOFWanted %Time %Time Play
1Jacob TroubaBrady Skjei1225041%0:53
2Bowen ByramPatrik Nemeth1225059%1:17
Penalty Kill 3 Players
Line #WingPHYDFOFWanted %Time %Time PlayDefenseDefensePHYDFOFWanted %Time %Time Play
1Jesper Bratt122500%0:00 Jacob TroubaBrady Skjei122500%0:00
2Clayton Keller122500%0:00 Bowen ByramPatrik Nemeth122500%0:00
4 vs 4 Forward
Line #CenterWingPHYDFOFWanted %Time %Time Play
1Jesper BrattClayton Keller122500%0:00
2Anders LeeBrock Nelson122500%0:00
4 vs 4 Defense
Line #DefensePHYDFOFWanted %Time %Time Play
1Jacob TroubaBrady Skjei122500%0:00
2Bowen ByramPatrik Nemeth122500%0:00
Last Minutes Offensive
Left WingCenterRight WingDefenseDefense
Jesper BrattClayton KellerAnders LeeJacob TroubaBrady Skjei
Last Minutes Defensive
Left WingCenterRight WingDefenseDefense
Jesper BrattClayton KellerAnders LeeJacob TroubaBrady Skjei
Time
Total ForwardTotal DefenseLast Minutes OffensiveLast Minutes Defensive
60:00 60:00 0:000:00
Extra Forwards
Normal PowerPlayPenalty Kill
Adam Fantilli, Nick Schmaltz, Chandler StephensonAdam Fantilli, Nick SchmaltzChandler Stephenson
Extra Defensemen
Normal PowerPlayPenalty Kill
Dysin Mayo, Bowen Byram, Patrik NemethDysin Mayo, Bowen ByramPatrik Nemeth
Penalty Shots
Jesper Bratt, Clayton Keller, Anders Lee, Brock Nelson, Boone Jenner
Goalie
Karel Vejmelka, Joseph Woll
Custom OT Lines Forwards
Jesper Bratt, Clayton Keller, Anders Lee, Brock Nelson, Boone Jenner, David Perron, Nick Schmaltz, Chandler Stephenson, Barrett Hayton, Adam Fantilli
Custom OT Lines Defensemen
Jacob Trouba, Brady Skjei, Bowen Byram, Patrik Nemeth, Dysin Mayo
Scratches
Barclay Goodrow (Healthy), Kyle Capobianco (Healthy), Lars Eller (Healthy)


Play-by-Play

1st period


0:01 of 1st period - Gabriel Landeskog wins face-off versus Clayton Keller in neutral zone.
0:03 of 1st period - Off-side.
0:04 of 1st period - Clayton Keller wins face-off versus Phillip Danault in neutral zone.
0:06 of 1st period - Off-side.
0:07 of 1st period - Clayton Keller wins face-off versus Phillip Danault in neutral zone.
0:37 of 1st period - Vladimir Tarasenko is hit by Boone Jenner and loses puck.
0:42 of 1st period - Snap shot by Brock Nelson.
0:42 of 1st period - Shot Blocked by Evan Bouchard.
1:00 of 1st period - Wrist shot by Victor Olofsson.
1:00 of 1st period - Shot Blocked by Chandler Stephenson.
1:02 of 1st period - Backhand shot by Evan Bouchard.
1:02 of 1st period - Deflect By Victor Olofsson.
1:02 of 1st period - Shot Blocked by Bowen Byram.
1:02 of 1st period - Puck is out of play.
1:03 of 1st period - Adam Fantilli wins face-off versus Zemgus Girgensons in Islanders zone.
1:03 of 1st period - Adam Fantilli is hit by Dmitri Simashev.
1:31 of 1st period - Snap shot by Nick Schmaltz.
1:31 of 1st period - Stopped by Andrei Vasilevskiy without a rebound.
1:32 of 1st period - Jack McBain wins face-off versus Nick Schmaltz in Canadiens zone.
1:59 of 1st period - Jan Rutta is hit by Patrik Nemeth and loses puck.
2:57 of 1st period - Snap shot by Victor Olofsson.
2:57 of 1st period - Stopped by Karel Vejmelka with a rebound.
2:59 of 1st period - Slapshot by Shayne Gostisbehere.
2:59 of 1st period - Shot Blocked by Jacob Trouba.
3:01 of 1st period - Slapshot by Dmitri Simashev.
3:01 of 1st period - Stopped by Karel Vejmelka without a rebound.
3:02 of 1st period - Brock Nelson wins face-off versus Martin Kaut in Islanders zone.
3:52 of 1st period - Slapshot by Nick Schmaltz.
3:52 of 1st period - Shot Misses the Net.
4:18 of 1st period - Wrist shot by Mikhail Sergachev.
4:18 of 1st period - Stopped by Karel Vejmelka with a rebound.
4:36 of 1st period - Snap shot by Barrett Hayton.
4:36 of 1st period - Shot Misses the Net.
7:34 of 1st period - Slapshot by Barrett Hayton.
7:34 of 1st period - Stopped by Andrei Vasilevskiy with a rebound.
7:36 of 1st period - Slapshot by Jacob Trouba.
7:36 of 1st period - Stopped by Andrei Vasilevskiy without a rebound.
7:37 of 1st period - Nick Schmaltz wins face-off versus Zemgus Girgensons in Canadiens zone.
7:46 of 1st period - Slapshot by Chandler Stephenson.
7:46 of 1st period - Stopped by Andrei Vasilevskiy without a rebound.
7:47 of 1st period - Zemgus Girgensons wins face-off versus Nick Schmaltz in Canadiens zone.
8:11 of 1st period - Slapshot by Mikhail Sergachev.
8:11 of 1st period - Stopped by Karel Vejmelka with a rebound.
8:31 of 1st period - Slapshot by Chandler Stephenson.
8:31 of 1st period - Stopped by Andrei Vasilevskiy with a rebound.
8:33 of 1st period - Snap shot by Nick Schmaltz.
8:33 of 1st period - Stopped by Andrei Vasilevskiy with a rebound.
8:35 of 1st period - Snap shot by Barrett Hayton.
8:35 of 1st period - Shot Misses the Net.
8:37 of 1st period - Backhand shot by Nick Schmaltz.
8:37 of 1st period - Stopped by Andrei Vasilevskiy with a rebound.
8:39 of 1st period - Slapshot by Dysin Mayo.
8:39 of 1st period - Shot Misses the Net.
8:41 of 1st period - Snap shot by Kyle Okposo.
8:41 of 1st period - Shot Blocked by Evan Bouchard.
8:45 of 1st period - Wrist shot by Kyle Okposo.
8:45 of 1st period - Stopped by Andrei Vasilevskiy with a rebound.
8:47 of 1st period - Wrist shot by Chandler Stephenson.
8:47 of 1st period - Deflect By Nick Schmaltz.
8:47 of 1st period - Shot Misses the Net.
8:47 of 1st period - Puck is out of play.
8:48 of 1st period - Brock Nelson wins face-off versus Andrew Cogliano in Canadiens zone.
8:53 of 1st period - Snap shot by Brock Nelson.
8:53 of 1st period - Shot Misses the Net.
8:55 of 1st period - Slapshot by Brock Nelson.
8:55 of 1st period - Shot Misses the Net.
8:57 of 1st period - Slapshot by Brady Skjei.
8:57 of 1st period - Shot Blocked by Cole Caufield.
9:24 of 1st period - Phillip Danault is hit by Jacob Trouba and loses puck.
9:43 of 1st period - Snap shot by Tyler Johnson.
9:43 of 1st period - Shot Misses the Net.
11:10 of 1st period - Vladimir Tarasenko is hit by Chandler Stephenson and loses puck.
11:29 of 1st period - Jacob Trouba is hit by Phillip Danault and loses puck.
11:36 of 1st period - Jan Rutta is hit by Anders Lee and loses puck.
11:47 of 1st period - Snap shot by Jonathan Huberdeau.
11:47 of 1st period - Shot Misses the Net.
11:53 of 1st period - Rem Pitlick is hit by Boone Jenner and loses puck.
12:08 of 1st period - Alexander Romanov is hit by Dysin Mayo and loses puck.
12:25 of 1st period - Alexander Romanov is hit by Patrik Nemeth and loses puck.
13:28 of 1st period - Dmitri Simashev is hit by Anders Lee and loses puck.
13:43 of 1st period - David Perron is hit by Jonathan Huberdeau and loses puck.
14:04 of 1st period - Slapshot by Chandler Stephenson.
14:04 of 1st period - Shot Misses the Net.
14:06 of 1st period - Slapshot by Patrik Nemeth.
14:06 of 1st period - Deflect By Nick Schmaltz.
14:06 of 1st period - Shot Misses the Net.
14:06 of 1st period - Puck is out of play.
14:07 of 1st period - Nick Schmaltz wins face-off versus Cal Clutterbuck in Canadiens zone.
14:08 of 1st period - Slapshot by Chandler Stephenson.
14:08 of 1st period - Shot Misses the Net.
14:10 of 1st period - Wrist shot by Chandler Stephenson.
14:10 of 1st period - Stopped by Andrei Vasilevskiy without a rebound.
14:11 of 1st period - Andrew Cogliano wins face-off versus Clayton Keller in Canadiens zone.
14:18 of 1st period - Slapshot by Vladimir Tarasenko.
14:18 of 1st period - Stopped by Karel Vejmelka with a rebound.
14:20 of 1st period - Wrist shot by Cole Caufield.
14:20 of 1st period - Shot Misses the Net.
14:22 of 1st period - Slapshot by Evan Bouchard.
14:22 of 1st period - Shot Blocked by Brady Skjei.
14:24 of 1st period - Snap shot by Evan Bouchard.
14:24 of 1st period - Stopped by Karel Vejmelka without a rebound.
14:25 of 1st period - Brock Nelson wins face-off versus Phillip Danault in Islanders zone.
14:52 of 1st period - Andrew Cogliano is hit by Jacob Trouba and loses puck.
15:07 of 1st period - Minor Penalty to Andrew Cogliano for Hooking.
15:08 of 1st period - Zemgus Girgensons wins face-off versus Clayton Keller in Canadiens zone.
15:19 of 1st period - Snap shot by Jesper Bratt.
15:19 of 1st period - Stopped by Andrei Vasilevskiy without a rebound.
15:20 of 1st period - Jack McBain wins face-off versus David Perron in Canadiens zone.
17:07 of 1st period - Penalty to Andrew Cogliano is over, Andrew Cogliano is back on ice.
17:17 of 1st period - Snap shot by Gabriel Landeskog.
17:17 of 1st period - Shot Blocked by Nick Schmaltz.
17:19 of 1st period - Slapshot by Gabriel Landeskog.
17:19 of 1st period - Shot Misses the Net.
17:21 of 1st period - Wrist shot by Evan Bouchard.
17:21 of 1st period - Shot Blocked by Brady Skjei.
17:23 of 1st period - Slapshot by Evan Bouchard.
17:23 of 1st period - Deflect By Chandler Stephenson.
17:23 of 1st period - Stopped by Karel Vejmelka with a rebound.
18:17 of 1st period - Cole Caufield is hit by Brady Skjei and loses puck.
19:36 of 1st period - Icing by Dmitri Simashev.
19:37 of 1st period - Anders Lee wins face-off versus Andrew Cogliano in Canadiens zone.
19:46 of 1st period - Slapshot by Jesper Bratt.
19:46 of 1st period - Deflect By Anders Lee.
19:46 of 1st period - Goal by Anders Lee - Canadiens : 0 - Islanders : 1.
19:47 of 1st period - Brock Nelson wins face-off versus Cal Clutterbuck in neutral zone.
Goals for this period are 0 for Canadiens vs 1 for Islanders.
Shots for this period are 7 for Canadiens vs 11 for Islanders.

2nd period


0:01 of 2nd period - Phillip Danault wins face-off versus Clayton Keller in neutral zone.
0:26 of 2nd period - Cal Clutterbuck is hit by David Perron and loses puck.
1:27 of 2nd period - Wrist shot by Gabriel Landeskog.
1:27 of 2nd period - Deflect By Jonathan Huberdeau.
1:27 of 2nd period - Shot Misses the Net.
1:27 of 2nd period - Puck is out of play.
1:28 of 2nd period - Jonathan Huberdeau wins face-off versus Brock Nelson in Islanders zone.
1:39 of 2nd period - Snap shot by Gabriel Landeskog.
1:39 of 2nd period - Stopped by Karel Vejmelka with a rebound.
2:17 of 2nd period - Andrew Cogliano is hit by Bowen Byram and loses puck.
2:52 of 2nd period - Minor Penalty to Dmitri Simashev for Hooking.
2:53 of 2nd period - Zemgus Girgensons wins face-off versus Brock Nelson in Canadiens zone.
3:04 of 2nd period - Jack McBain is hit by Brady Skjei and loses puck.
3:19 of 2nd period - Clayton Keller is hit by Evan Bouchard and loses puck.
4:34 of 2nd period - Alexander Romanov is hit by Patrik Nemeth and loses puck.
4:52 of 2nd period - Penalty to Dmitri Simashev is over, Dmitri Simashev is back on ice.
5:05 of 2nd period - Slapshot by Mikhail Sergachev.
5:05 of 2nd period - Shot Misses the Net.
5:07 of 2nd period - Snap shot by Mikhail Sergachev.
5:07 of 2nd period - Shot Misses the Net.
5:09 of 2nd period - Snap shot by Vladimir Tarasenko.
5:09 of 2nd period - Shot Hit the Post.
5:11 of 2nd period - Slapshot by Andrew Cogliano.
5:11 of 2nd period - Shot Misses the Net.
5:13 of 2nd period - Wrist shot by Vladimir Tarasenko.
5:13 of 2nd period - Stopped by Karel Vejmelka with a rebound.
5:28 of 2nd period - Wrist shot by Barrett Hayton.
5:28 of 2nd period - Goal by Barrett Hayton - Canadiens : 0 - Islanders : 2.
5:29 of 2nd period - Zemgus Girgensons wins face-off versus Jesper Bratt in neutral zone.
5:54 of 2nd period - Brock Nelson is hit by Jonathan Huberdeau and loses puck.
6:13 of 2nd period - Icing by Evan Bouchard.
6:14 of 2nd period - Nick Schmaltz wins face-off versus Andrew Cogliano in Canadiens zone.
6:41 of 2nd period - Slapshot by Jonathan Huberdeau.
6:41 of 2nd period - Shot Blocked by Chandler Stephenson.
6:43 of 2nd period - Slapshot by Jan Rutta.
6:43 of 2nd period - Stopped by Karel Vejmelka with a rebound.
7:03 of 2nd period - Snap shot by Chandler Stephenson.
7:03 of 2nd period - Shot Misses the Net.
7:56 of 2nd period - Nick Bonino is hit by Dmitri Simashev and loses puck.
8:32 of 2nd period - Wrist shot by Zemgus Girgensons.
8:32 of 2nd period - Shot Misses the Net.
8:34 of 2nd period - Snap shot by Shayne Gostisbehere.
8:34 of 2nd period - Stopped by Karel Vejmelka with a rebound.
8:52 of 2nd period - Off-side.
8:53 of 2nd period - Andrew Cogliano wins face-off versus Nick Schmaltz in neutral zone.
8:58 of 2nd period - Snap shot by Vladimir Tarasenko.
8:58 of 2nd period - Deflect By Cole Caufield.
8:58 of 2nd period - Stopped by Karel Vejmelka without a rebound.
8:59 of 2nd period - Zemgus Girgensons wins face-off versus Clayton Keller in Islanders zone.
9:02 of 2nd period - Wrist shot by Victor Olofsson.
9:02 of 2nd period - Stopped by Karel Vejmelka with a rebound.
9:33 of 2nd period - Slapshot by Mikhail Sergachev.
9:33 of 2nd period - Deflect By Boone Jenner.
9:33 of 2nd period - Stopped by Karel Vejmelka with a rebound.
9:45 of 2nd period - Snap shot by Cole Caufield.
9:45 of 2nd period - Stopped by Karel Vejmelka with a rebound.
9:49 of 2nd period - Wrist shot by Vladimir Tarasenko.
9:49 of 2nd period - Shot Misses the Net.
9:51 of 2nd period - Snap shot by Cole Caufield.
9:51 of 2nd period - Shot Blocked by Barrett Hayton.
9:53 of 2nd period - Snap shot by Vladimir Tarasenko.
9:53 of 2nd period - Shot Misses the Net.
9:55 of 2nd period - Backhand shot by Vladimir Tarasenko.
9:55 of 2nd period - Shot Misses the Net.
9:57 of 2nd period - Slapshot by Evan Bouchard.
9:57 of 2nd period - Deflect By Vladimir Tarasenko.
9:57 of 2nd period - Shot Misses the Net.
9:57 of 2nd period - Puck is out of play.
9:58 of 2nd period - Jesper Bratt wins face-off versus Zemgus Girgensons in Islanders zone.
10:05 of 2nd period - Wrist shot by Clayton Keller.
10:05 of 2nd period - Shot Misses the Net.
10:32 of 2nd period - Off-side.
10:33 of 2nd period - Clayton Keller wins face-off versus Zemgus Girgensons in neutral zone.
10:48 of 2nd period - Wrist shot by Cal Clutterbuck.
10:48 of 2nd period - Stopped by Karel Vejmelka with a rebound.
11:26 of 2nd period - Snap shot by Nick Schmaltz.
11:26 of 2nd period - Stopped by Andrei Vasilevskiy with a rebound.
11:34 of 2nd period - Minor Penalty to Mikhail Sergachev for Interference.
11:35 of 2nd period - Zemgus Girgensons wins face-off versus Brock Nelson in Canadiens zone.
11:35 of 2nd period - Zemgus Girgensons is hit by Patrik Nemeth.
11:57 of 2nd period - Minor Penalty to Dmitri Simashev for High sticking.
11:58 of 2nd period - Phillip Danault wins face-off versus Clayton Keller in Canadiens zone.
12:13 of 2nd period - Wrist shot by Anders Lee.
12:13 of 2nd period - Shot Misses the Net.
12:23 of 2nd period - Evan Bouchard is hit by Brock Nelson and loses puck.
13:34 of 2nd period - Penalty to Mikhail Sergachev is over, Mikhail Sergachev is back on ice.
13:40 of 2nd period - Patrik Nemeth is hit by Cal Clutterbuck and loses puck.
13:57 of 2nd period - Penalty to Dmitri Simashev is over, Dmitri Simashev is back on ice.
14:18 of 2nd period - Off-side.
14:19 of 2nd period - Andrew Cogliano wins face-off versus Barrett Hayton in neutral zone.
14:21 of 2nd period - Cole Caufield is hit by Jacob Trouba and loses puck.
14:59 of 2nd period - Andrew Cogliano is hit by Jacob Trouba and loses puck.
15:06 of 2nd period - Mikhail Sergachev is hit by Jacob Trouba and loses puck.
16:00 of 2nd period - Snap shot by Cole Caufield.
16:00 of 2nd period - Shot Misses the Net.
16:02 of 2nd period - Slapshot by Cole Caufield.
16:02 of 2nd period - Deflect By Vladimir Tarasenko.
16:02 of 2nd period - Shot Misses the Net.
16:02 of 2nd period - Puck is out of play.
16:03 of 2nd period - Clayton Keller wins face-off versus Zemgus Girgensons in Islanders zone.
16:28 of 2nd period - Victor Olofsson is hit by Barrett Hayton and loses puck.
16:35 of 2nd period - Brock Nelson is hit by Zemgus Girgensons.
16:39 of 2nd period - Snap shot by Victor Olofsson.
16:39 of 2nd period - Shot Blocked by Barrett Hayton.
16:41 of 2nd period - Slapshot by Dmitri Simashev.
16:41 of 2nd period - Shot Misses the Net.
16:43 of 2nd period - Wrist shot by Victor Olofsson.
16:43 of 2nd period - Shot Blocked by Barrett Hayton.
16:45 of 2nd period - Slapshot by Shayne Gostisbehere.
16:45 of 2nd period - Shot Misses the Net.
16:47 of 2nd period - Snap shot by Victor Olofsson.
16:47 of 2nd period - Shot Misses the Net.
16:53 of 2nd period - Wrist shot by Victor Olofsson.
16:53 of 2nd period - Stopped by Karel Vejmelka with a rebound.
16:55 of 2nd period - Slapshot by Victor Olofsson.
16:55 of 2nd period - Deflect By Zemgus Girgensons.
16:55 of 2nd period - Stopped by Karel Vejmelka with a rebound.
16:57 of 2nd period - Slapshot by Alexander Romanov.
16:57 of 2nd period - Shot Blocked by Barrett Hayton.
16:59 of 2nd period - Snap shot by Zemgus Girgensons.
16:59 of 2nd period - Stopped by Karel Vejmelka without a rebound.
17:00 of 2nd period - Phillip Danault wins face-off versus Clayton Keller in Islanders zone.
17:05 of 2nd period - Snap shot by Jonathan Huberdeau.
17:05 of 2nd period - Stopped by Karel Vejmelka without a rebound.
17:06 of 2nd period - Phillip Danault wins face-off versus Clayton Keller in Islanders zone.
17:12 of 2nd period - Minor Penalty to Anders Lee for High sticking.
17:13 of 2nd period - Phillip Danault wins face-off versus Jesper Bratt in Islanders zone.
17:15 of 2nd period - Wrist shot by Gabriel Landeskog.
17:15 of 2nd period - Shot Blocked by Jesper Bratt.
17:17 of 2nd period - Snap shot by Phillip Danault.
17:17 of 2nd period - Shot Misses the Net.
17:19 of 2nd period - Wrist shot by Jonathan Huberdeau.
17:19 of 2nd period - Shot Blocked by Jacob Trouba.
17:23 of 2nd period - Wrist shot by Jonathan Huberdeau.
17:23 of 2nd period - Goal by Jonathan Huberdeau - Canadiens : 1 - Islanders : 2.
17:24 of 2nd period - Jesper Bratt wins face-off versus Phillip Danault in neutral zone.
17:27 of 2nd period - Slapshot by Barrett Hayton.
17:27 of 2nd period - Deflect By Phillip Danault.
17:27 of 2nd period - Stopped by Andrei Vasilevskiy without a rebound.
17:28 of 2nd period - Phillip Danault wins face-off versus Clayton Keller in Canadiens zone.
17:32 of 2nd period - Icing by Jonathan Huberdeau.
17:33 of 2nd period - Clayton Keller wins face-off versus Phillip Danault in Canadiens zone.
17:54 of 2nd period - Snap shot by Jesper Bratt.
17:54 of 2nd period - Stopped by Andrei Vasilevskiy without a rebound.
17:55 of 2nd period - Brock Nelson wins face-off versus Zemgus Girgensons in Canadiens zone.
17:56 of 2nd period - Wrist shot by Boone Jenner.
17:56 of 2nd period - Stopped by Andrei Vasilevskiy without a rebound.
17:57 of 2nd period - Zemgus Girgensons wins face-off versus Brock Nelson in Canadiens zone.
17:57 of 2nd period - Zemgus Girgensons is hit by David Perron.
18:27 of 2nd period - Wrist shot by Jesper Bratt.
18:27 of 2nd period - Shot Misses the Net.
18:29 of 2nd period - Snap shot by Jesper Bratt.
18:29 of 2nd period - Goal by Jesper Bratt - Canadiens : 1 - Islanders : 3.
18:30 of 2nd period - Brock Nelson wins face-off versus Phillip Danault in neutral zone.
18:33 of 2nd period - Wrist shot by David Perron.
18:33 of 2nd period - Shot Blocked by Alexander Romanov.
18:35 of 2nd period - Snap shot by David Perron.
18:35 of 2nd period - Shot Misses the Net.
18:37 of 2nd period - Wrist shot by Boone Jenner.
18:37 of 2nd period - Stopped by Andrei Vasilevskiy without a rebound.
18:38 of 2nd period - Phillip Danault wins face-off versus Brock Nelson in Canadiens zone.
18:38 of 2nd period - Phillip Danault is hit by Barrett Hayton.
18:50 of 2nd period - Slapshot by Alexander Romanov.
18:50 of 2nd period - Deflect By Brock Nelson.
18:50 of 2nd period - Stopped by Karel Vejmelka with a rebound.
19:02 of 2nd period - Snap shot by Jonathan Huberdeau.
19:02 of 2nd period - Stopped by Karel Vejmelka without a rebound.
19:03 of 2nd period - Clayton Keller wins face-off versus Zemgus Girgensons in Islanders zone.
19:03 of 2nd period - Clayton Keller is hit by Cal Clutterbuck.
19:11 of 2nd period - Backhand shot by Mikhail Sergachev.
19:11 of 2nd period - Stopped by Karel Vejmelka without a rebound.
19:12 of 2nd period - Cal Clutterbuck wins face-off versus Clayton Keller in Islanders zone.
19:13 of 2nd period - Slapshot by Evan Bouchard.
19:13 of 2nd period - Shot Hit the Post.
19:38 of 2nd period - Slapshot by Evan Bouchard.
19:38 of 2nd period - Stopped by Karel Vejmelka without a rebound.
19:39 of 2nd period - Brock Nelson wins face-off versus Phillip Danault in Islanders zone.
19:52 of 2nd period - Slapshot by Bowen Byram.
19:52 of 2nd period - Stopped by Andrei Vasilevskiy with a rebound.
Goals for this period are 1 for Canadiens vs 2 for Islanders.
Shots for this period are 18 for Canadiens vs 8 for Islanders.

3rd period


0:01 of 3rd period - Nick Schmaltz wins face-off versus Zemgus Girgensons in neutral zone.
1:15 of 3rd period - Slapshot by Nick Schmaltz.
1:15 of 3rd period - Stopped by Andrei Vasilevskiy with a rebound.
1:32 of 3rd period - Clayton Keller is hit by Zemgus Girgensons and loses puck.
2:06 of 3rd period - David Perron is hit by Evan Bouchard and loses puck.
2:19 of 3rd period - Rem Pitlick is hit by Barrett Hayton and loses puck.
2:32 of 3rd period - Jonathan Huberdeau is hit by Jacob Trouba and loses puck.
2:41 of 3rd period - Barrett Hayton is hit by Dmitri Simashev and loses puck.
3:37 of 3rd period - Snap shot by Jonathan Huberdeau.
3:37 of 3rd period - Stopped by Karel Vejmelka with a rebound.
3:39 of 3rd period - Wrist shot by Jonathan Huberdeau.
3:39 of 3rd period - Shot Blocked by Patrik Nemeth.
3:41 of 3rd period - Slapshot by Dmitri Simashev.
3:41 of 3rd period - Shot Misses the Net.
3:43 of 3rd period - Snap shot by Phillip Danault.
3:43 of 3rd period - Shot Misses the Net.
4:17 of 3rd period - Wrist shot by Jesper Bratt.
4:17 of 3rd period - Stopped by Andrei Vasilevskiy with a rebound.
4:42 of 3rd period - Icing by Cal Clutterbuck.
4:43 of 3rd period - Brock Nelson wins face-off versus Zemgus Girgensons in Canadiens zone.
4:43 of 3rd period - Brock Nelson is hit by Cal Clutterbuck.
4:45 of 3rd period - Backhand shot by David Perron.
4:45 of 3rd period - Stopped by Andrei Vasilevskiy with a rebound.
4:47 of 3rd period - Slapshot by Brady Skjei.
4:47 of 3rd period - Stopped by Andrei Vasilevskiy without a rebound.
4:48 of 3rd period - Phillip Danault wins face-off versus Clayton Keller in Canadiens zone.
4:50 of 3rd period - Minor Penalty to Dmitri Simashev for Hooking.
4:51 of 3rd period - Zemgus Girgensons wins face-off versus Jesper Bratt in Canadiens zone.
5:27 of 3rd period - Slapshot by Brady Skjei.
5:27 of 3rd period - Stopped by Andrei Vasilevskiy without a rebound.
5:28 of 3rd period - Zemgus Girgensons wins face-off versus Brock Nelson in Canadiens zone.
5:28 of 3rd period - Zemgus Girgensons is hit by Brock Nelson.
6:04 of 3rd period - Snap shot by Zemgus Girgensons.
6:04 of 3rd period - Shot Blocked by Patrik Nemeth.
6:50 of 3rd period - Penalty to Dmitri Simashev is over, Dmitri Simashev is back on ice.
7:23 of 3rd period - Snap shot by Adam Fantilli.
7:23 of 3rd period - Deflect By Nick Bonino.
7:23 of 3rd period - Shot Misses the Net.
7:23 of 3rd period - Puck is out of play.
7:24 of 3rd period - Adam Fantilli wins face-off versus Gabriel Landeskog in Canadiens zone.
7:25 of 3rd period - Slapshot by Tyler Johnson.
7:25 of 3rd period - Deflect By Adam Fantilli.
7:25 of 3rd period - Shot Misses the Net.
7:25 of 3rd period - Puck is out of play.
7:26 of 3rd period - Phillip Danault wins face-off versus Adam Fantilli in Canadiens zone.
7:41 of 3rd period - Snap shot by Tyler Johnson.
7:41 of 3rd period - Shot Misses the Net.
7:55 of 3rd period - Dysin Mayo is hit by Andrew Cogliano and loses puck.
8:10 of 3rd period - Wrist shot by Vladimir Tarasenko.
8:10 of 3rd period - Stopped by Karel Vejmelka with a rebound.
8:12 of 3rd period - Snap shot by Martin Kaut.
8:12 of 3rd period - Deflect By Jack McBain.
8:12 of 3rd period - Shot Misses the Net.
8:12 of 3rd period - Puck is out of play.
8:13 of 3rd period - David Perron wins face-off versus Jack McBain in Islanders zone.
8:41 of 3rd period - Wrist shot by Jonathan Huberdeau.
8:41 of 3rd period - Stopped by Karel Vejmelka with a rebound.
8:52 of 3rd period - Off-side.
8:53 of 3rd period - Zemgus Girgensons wins face-off versus Clayton Keller in neutral zone.
9:00 of 3rd period - Wrist shot by Cal Clutterbuck.
9:00 of 3rd period - Shot Misses the Net.
9:02 of 3rd period - Slapshot by Dmitri Simashev.
9:02 of 3rd period - Stopped by Karel Vejmelka with a rebound.
9:04 of 3rd period - Snap shot by Cal Clutterbuck.
9:04 of 3rd period - Shot Blocked by Jesper Bratt.
9:06 of 3rd period - Snap shot by Cal Clutterbuck.
9:06 of 3rd period - Shot Blocked by Bowen Byram.
9:08 of 3rd period - Snap shot by Victor Olofsson.
9:08 of 3rd period - Stopped by Karel Vejmelka with a rebound.
9:14 of 3rd period - Minor Penalty to Bowen Byram for Hooking.
9:15 of 3rd period - Anders Lee wins face-off versus Andrew Cogliano in Islanders zone.
9:51 of 3rd period - Brady Skjei is hit by Dmitri Simashev.
10:55 of 3rd period - Anders Lee is hit by Evan Bouchard.
11:14 of 3rd period - Penalty to Bowen Byram is over, Bowen Byram is back on ice.
12:00 of 3rd period - Snap shot by Nick Bonino.
12:00 of 3rd period - Deflect By Victor Olofsson.
12:00 of 3rd period - Stopped by Andrei Vasilevskiy without a rebound.
12:01 of 3rd period - Barrett Hayton wins face-off versus Victor Olofsson in Canadiens zone.
12:14 of 3rd period - Wrist shot by Barrett Hayton.
12:14 of 3rd period - Stopped by Andrei Vasilevskiy without a rebound.
12:15 of 3rd period - Nick Schmaltz wins face-off versus Jack McBain in Canadiens zone.
14:10 of 3rd period - Nick Bonino is hit by Phillip Danault and loses puck.
14:25 of 3rd period - Zemgus Girgensons is hit by Jacob Trouba and loses puck.
14:46 of 3rd period - Wrist shot by Martin Kaut.
14:46 of 3rd period - Shot Blocked by Anders Lee.
14:51 of 3rd period - Off-side.
14:52 of 3rd period - Nick Schmaltz wins face-off versus Andrew Cogliano in neutral zone.
14:52 of 3rd period - Nick Schmaltz is hit by Andrew Cogliano.
15:08 of 3rd period - Snap shot by Nick Schmaltz.
15:08 of 3rd period - Stopped by Andrei Vasilevskiy with a rebound.
15:18 of 3rd period - Jesper Bratt is hit by Victor Olofsson and loses puck.
15:43 of 3rd period - Slapshot by Gabriel Landeskog.
15:43 of 3rd period - Shot Blocked by Jacob Trouba.
16:07 of 3rd period - Minor Penalty to Phillip Danault for Hooking.
16:08 of 3rd period - Zemgus Girgensons wins face-off versus Clayton Keller in Canadiens zone.
16:33 of 3rd period - Boone Jenner is hit by Victor Olofsson and loses puck.
16:44 of 3rd period - Wrist shot by Victor Olofsson.
16:44 of 3rd period - Stopped by Karel Vejmelka without a rebound.
16:45 of 3rd period - Jack McBain wins face-off versus Clayton Keller in Islanders zone.
17:51 of 3rd period - Jack McBain is hit by Anders Lee.
18:07 of 3rd period - Penalty to Phillip Danault is over, Phillip Danault is back on ice.
18:14 of 3rd period - Off-side.
18:15 of 3rd period - Adam Fantilli wins face-off versus Phillip Danault in neutral zone.
18:22 of 3rd period - Slapshot by Tyler Johnson.
18:22 of 3rd period - Shot Misses the Net.
18:24 of 3rd period - Slapshot by Dysin Mayo.
18:24 of 3rd period - Deflect By Tyler Johnson.
18:24 of 3rd period - Shot Misses the Net.
18:24 of 3rd period - Puck is out of play.
18:25 of 3rd period - Phillip Danault wins face-off versus Nick Schmaltz in Canadiens zone.
18:30 of 3rd period - Slapshot by Phillip Danault.
18:30 of 3rd period - Shot Misses the Net.
18:32 of 3rd period - Snap shot by Phillip Danault.
18:32 of 3rd period - Stopped by Karel Vejmelka with a rebound.
18:34 of 3rd period - Slapshot by Alexander Romanov.
18:34 of 3rd period - Stopped by Karel Vejmelka without a rebound.
18:35 of 3rd period - Nick Schmaltz wins face-off versus Zemgus Girgensons in Islanders zone.
18:54 of 3rd period - Snap shot by Chandler Stephenson.
18:54 of 3rd period - Stopped by Andrei Vasilevskiy with a rebound.
18:56 of 3rd period - Wrist shot by Kyle Okposo.
18:56 of 3rd period - Stopped by Andrei Vasilevskiy with a rebound.
18:58 of 3rd period - Snap shot by Chandler Stephenson.
18:58 of 3rd period - Shot Blocked by Cal Clutterbuck.
19:00 of 3rd period - Slapshot by Barrett Hayton.
19:00 of 3rd period - Stopped by Andrei Vasilevskiy with a rebound.
19:02 of 3rd period - Slapshot by Dysin Mayo.
19:02 of 3rd period - Deflect By Zemgus Girgensons.
19:02 of 3rd period - Stopped by Andrei Vasilevskiy with a rebound.
19:04 of 3rd period - Slapshot by Chandler Stephenson.
19:04 of 3rd period - Stopped by Andrei Vasilevskiy with a rebound.
19:06 of 3rd period - Wrist shot by Nick Schmaltz.
19:06 of 3rd period - Stopped by Andrei Vasilevskiy without a rebound.
19:07 of 3rd period - Phillip Danault wins face-off versus Clayton Keller in Canadiens zone.
Goals for this period are 0 for Canadiens vs 0 for Islanders.
Shots for this period are 8 for Canadiens vs 14 for Islanders.